 Dungeon Crawl Stone Soup version 0.29-a0-289-g2178c42546 (webtiles) character file.

Game seed: 6805616701113473891

1234 kae the Cleaver (level 8, -1/73 HPs)
             Began as a Hill Orc Fighter on Mar 17, 2022.
             Was an Initiate of Makhleb.
             Slain by an ogre
             ... wielding a +0 giant spiked club
              (20 damage)
             ... on level 6 of the Dungeon.
             The game lasted 00:02:25 (5859 turns).

kae the Cleaver (Hill Orc Fighter)                  Turns: 5859, Time: 00:02:26

Health: -1/73      AC:  9    Str: 30    XL:     8   Next: 48%
Magic:  10/10      EV:  9    Int:  8    God:    Makhleb [......]
Gold:   270        SH:  5    Dex: 15    Spells: 7/7 levels left

rFire   x . .      SeeInvis .   a - +0 war axe (drain)
rCold   + . .      Faith    .   c - +0 buckler
rNeg    . . .      Spirit   .   b - +0 scale mail
rPois   .          Reflect  .   (no helmet)
rElec   .          Harm     .   (no cloak)
rCorr   .          Rampage  .   p - +1 pair of gloves
Will    +....                   (no boots)
Stlth   ..........              (no amulet)
HPRegen 0.22/turn               o - ring "Seaw" {Ice Contam Str+9 Dex+5}
MPRegen 0.12/turn               l - ring of willpower

@: no status effects
A: no striking features
a: Renounce Religion


You were on level 6 of the Dungeon.
You worshipped Makhleb.
Makhleb was noncommittal.
You visited 2 branches of the dungeon, and saw 7 of its levels.

You collected 270 gold pieces.

Inventory:

Hand Weapons
 a - a +0 war axe of draining (weapon)
Armour
 b - a +0 scale mail (worn)
 c - a +0 buckler (worn)
 p - a +1 pair of gloves (worn)
Jewellery
 l - a ring of willpower (right hand)
 o - the ring "Seaw" (left hand) {Ice Contam Str+9 Dex+5}
   (You found it on level 3 of the Dungeon)

   [ring of ice]

   It enhances your ice magic.
   Str:       It affects your strength (+9).
   Dex:       It affects your dexterity (+5).
   rF:        It makes you vulnerable to fire.
   rC:        It protects you from cold.
   Contam:    It causes magical contamination when unequipped.
Wands
 r - a wand of flame (26)
Scrolls
 f - 2 scrolls of summoning {unknown}
 j - a scroll of acquirement {unknown}
 k - a scroll of amnesia {unknown}
Potions
 d - a potion of might
 e - a potion of curing {unknown}
 g - 2 potions of haste
 h - a potion of ambrosia
 i - a potion of heal wounds
 m - a potion of magic
 n - a potion of degeneration {unknown}
 s - a potion of lignification {unknown}


   Skills:
 + Level 7.5 Fighting
 * Level 10.6 Axes
 - Level 3.2 Armour
 - Level 3.2 Shields
 + Level 3.0 Invocations


You had 7 spell levels left.
You didn't know any spells.
Your spell library contained the following spells:

 Spells                   Type           Power      Damage    Failure   Level
 Foxfire                  Conj/Fire      0%         2x1d4     75%         1
 Conjure Flame            Conj/Fire      0%         6-21      98%         3
 Inner Flame              Hex/Fire       0%         N/A       98%         3
 Flame Wave               Conj/Fire      0%         2d4       100%        4


Dungeon Overview and Level Annotations

Branches:
Dungeon (6/15)             Temple (1/1) D:5

Altars:
Ashenzari
Cheibriados
Elyvilon
Gozag
Kikubaaqudgha
Makhleb
Nemelex Xobeh
Okawaru
Qazlal
Ru
Trog
Vehumet
Wu Jian
Xom
Yredelemnul
The Shining One

Shops:
D:2 =


Message History

Makhleb accepts your kill.
You feel sick.
Your Invocations skill increases to level 3!
Okay, then.
You start resting.
You feel sick. x2
You are no longer poisoned.
Found a bronze wand.
An ogre comes into view. It is wielding a +0 giant spiked club.
Found a stone staircase leading down.
The ogre shouts!
An ogre is nearby!
There is a stone staircase leading up here.
You climb upwards.
There is a stone staircase leading down here.
Key pressed, stopping explore.
HP restored.
Done exploring.
Done exploring.
You climb downwards.
The ogre hits you with a +0 giant spiked club!!
There is a stone staircase leading up, spattered with blood here.
You hit the ogre.
The ogre is moderately wounded.
The ogre hits you with a +0 giant spiked club!!
* * * LOW HITPOINT WARNING * * *
You are too injured to fight recklessly!
You are too injured to fight recklessly!
You are too injured to fight recklessly!
You are too injured to fight recklessly!
You are too injured to fight recklessly!
You completely miss the ogre.
The ogre is moderately wounded.
The ogre hits you with a +0 giant spiked club.
* * * LOW HITPOINT WARNING * * *
You hit the ogre but do no damage.
The ogre is moderately wounded.
You hit the ogre but do no damage.
The ogre is moderately wounded.
The ogre hits you with a +0 giant spiked club!!
You die...

≈≈≈≈≈≈≈..≈≈≈≈≈≈# #...####
≈≈≈≈≈≈≈..≈≈≈#######.......
≈≈≈≈≈≈≈..≈#...............
≈≈≈≈≈#8..8#.###...........
≈≈...#8..8#.#.......####..
.....#....#.#.......#####.
..###....#.#.......##....
.#....O...#.............
./.....@..######........
..............# #........
...............##........
...............###.#.....
.........>....# #.....
##............# ######
######...###.# ....# .#


You could see an ogre.

Vanquished Creatures
  A shadow (D:5)
  A black bear (D:5)
  A centaur (D:6)
  2 ogres
  A phantom (D:5)
  4 scorpions
  3 killer bees (D:6)
  3 jellies
  An orc priest (D:6)
  An orc wizard (D:5)
  2 adders
  4 gnolls
  A shadow imp (D:6)
  A white imp (D:5)
  2 dart slugs
  9 orcs
  6 ball pythons
  4 endoplasms
  5 giant cockroaches
  10 goblins
  4 hobgoblins
  3 jackals (D:1)
  7 quokkas
  3 bats
  4 frilled lizards
  7 kobolds
  3 rats
93 creatures vanquished.

Notes
Turn   | Place    | Note
-------+----------+-------------------------------------------
     0 | D:1      | kae the Hill Orc Fighter began the quest for the Orb.
     0 | D:1      | Reached XP level 1. HP: 19/19 MP: 1/1
   156 | D:1      | Reached skill level 3 in Axes
   241 | D:1      | Reached XP level 2. HP: 25/27 MP: 2/2
   344 | D:1      | Found a faded altar of an unknown god.
   710 | D:1      | Reached skill level 4 in Axes
   808 | D:1      | Reached XP level 3. HP: 28/33 MP: 3/3
  1206 | D:1      | Reached XP level 4. HP: 16/41 MP: 4/4
  1409 | D:2      | Reached skill level 5 in Axes
  1739 | D:2      | Found Udumeiz's Jewellery Emporium.
  2042 | D:3      | Identified the ring "Seaw" {Ice Contam Str+9 Dex+5}
  2352 | D:3      | Reached XP level 5. HP: 47/47 MP: 5/5
  2374 | D:4      | Noticed an ogre
  2418 | D:4      | Reached skill level 5 in Fighting
  2418 | D:4      | Reached skill level 6 in Axes
  2847 | D:4      | Noticed an ogre
  2852 | D:4      | Killed an ogre
  2853 | D:4      | Reached XP level 6. HP: 22/56 MP: 6/6
  3459 | D:5      | Entered Level 5 of the Dungeon
  3614 | D:5      | Noticed a black bear
  3625 | D:5      | Killed a black bear
  3626 | D:5      | Reached skill level 7 in Axes
  3637 | D:5      | Noticed a shadow
  3758 | D:5      | Killed a shadow
  3759 | D:5      | Reached skill level 8 in Axes
  3759 | D:5      | Reached XP level 7. HP: 63/63 MP: 7/7
  4112 | D:5      | Reached skill level 9 in Axes
  4742 | D:5      | Found a staircase to the Ecumenical Temple.
  4966 | Temple   | Entered the Ecumenical Temple
  5265 | Temple   | Became a worshipper of Makhleb the Destroyer
  5384 | D:6      | Reached skill level 1 in Invocations
  5384 | D:6      | Reached XP level 8. HP: 73/73 MP: 8/8
  5418 | D:6      | Reached skill level 10 in Axes
  5859 | D:6      | Slain by an ogre

Illustrated notes

Levels and vault maps discovered:
D:1:      sevenhm_arrival_forest_fort_large_3, layout_loops_ring,
          ebering_ecumenical_altar_hall, ebering_dispersal_statue_hall,
          chequers_mini_garden, minmay_misc_feat_iff
D:2:      layout_rooms, serial_shops, nicolae_shop_statue_plus
D:3:      layout_basic, hangedman_decor_lopped, eino_tiny_chamber, minivault_14
D:4:      layout_cave_pods
D:5:      layout_loops_corners, minmay_temple_entry_wispy, dk_noncrumbling_4
D:6:      wander_river, layout_basic
Temple:   minmay_temple_bridge_d

Skill      XL: |  1  2  3  4  5  6  7  8 |
---------------+-------------------------+-----
Axes           | 3 4 5 6 8 9 10 | 10.6
Fighting       | 4 5 6 7 |  7.5
Invocations    | 1 3 |  3.0
Armour         | |  3.2
Shields        | |  3.2

Action                   |  1- 3 |  4- 6 |  7- 9 || total
-------------------------+-------+-------+-------++-------
Melee: War axe           |    77 |    94 |    80 ||   251
  Use: Scroll            |     2 |     8 |       ||    10
Armor: Scale mail        |    40 |    46 |    33 ||   119
Dodge: Dodged            |    44 |    50 |    41 ||   135
Block: Buckler           |    13 |    19 |    25 ||    57

Table legend: (Time is in decaauts)
 A = Elapsed time spent in this place.
 B = Non-inter-level travel time spent in this place.
 C = Inter-level travel time spent in this place.
 D = Time resting spent in this place.
 E = Time spent auto-exploring this place.
 F = Levels seen in this place.
 G = Mean time per level.
                   A        B        C        D        E       F      G
               +--------+--------+--------+--------+--------+-----+--------+
         Total |   5918 |   5516 |    402 |    453 |   4351 |   7 |  845.4 |
       Dungeon |   5548 |   5290 |    258 |    453 |   4136 |   6 |  924.7 |
        Temple |    369 |    226 |    143 |      0 |    215 |   1 |  369.0 |
               +--------+--------+--------+--------+--------+-----+--------+

Top non-repeatable levels by time:
     D:5: 1570 daAuts
     D:4: 1318 daAuts
     D:1: 1247 daAuts
     D:3: 632 daAuts
     D:2: 566 daAuts
  Temple: 369 daAuts
     D:6: 213 daAuts
